 Dungeon Crawl Stone Soup version 0.28.0-1-gb440e238dd (webtiles) character file.

Game seed: 6239420702475964591

3284 DeadBczImStupid the Fighter (level 10, -3/68 HPs)
             Began as a Gargoyle Hunter on Feb 26, 2022.
             Was an Initiate of Okawaru.
             Killed by the air
             ... invoked by Gastronok
              (29 damage)
             ... on level 8 of the Dungeon.
             The game lasted 00:42:46 (8513 turns).

DeadBczImStupid the Fighter (Gargoyle Hunter)       Turns: 8513, Time: 00:42:46

Health: -3/68      AC: 25    Str: 20    XL:     10   Next: 0%
Magic:  10/10      EV: 11    Int: 12    God:    Okawaru [......]
Gold:   335        SH:  0    Dex: 15    Spells: 9/9 levels left

rFire   + . .      SeeInvis .   a - +6 dire flail (chaos)
rCold   . . .      Faith    .   (shield currently unavailable)
rNeg    + + .      Spirit   .   i - +3 ring mail
rPois   ∞          Reflect  .   y - +2 helmet
rElec   +          Harm     .   B - +2 ratskin cloak {*Rats rPois rN+ Str-1 Int-1 Dex+1}
rCorr   .          Rampage  .   p - +0 pair of gloves
Will    .....                   v - +1 pair of boots
Stlth   +.........              (no amulet)
HPRegen 0.21/turn               x - +6 ring of strength {STR+6}
MPRegen 0.12/turn               J - ring of protection from fire {rF+, !d}

@: no status effects
A: sickness immunity, AC +7, negative energy resistance 1, electricity
resistance, torment resistance 1, petrification resistance
a: Renounce Religion


You were on level 8 of the Dungeon.
You worshipped Okawaru.
Okawaru was noncommittal.
You visited 2 branches of the dungeon, and saw 9 of its levels.

You collected 423 gold pieces.
You spent 88 gold pieces at shops.

Inventory:

Hand Weapons
 a - a +6 dire flail of chaos (weapon)
   (You took it off a wight on level 5 of the Dungeon)
 b - a +1 hand crossbow
 q - a +0 dagger of speed
   (You took it off a kobold on level 2 of the Dungeon)
 w - a +0 hunting sling
   (You took it off a goblin on level 3 of the Dungeon)
 G - a +0 dagger of venom
   (You took it off an orc wizard on level 4 of the Dungeon)
 I - a +3 dagger of freezing
   (You took it off a wight on level 3 of the Dungeon)
Missiles
 c - 7 poisoned darts (quivered)
 d - 60 bolts
 A - 70 sling bullets
 F - 2 datura-tipped darts
 H - 5 javelins
Armour
 i - a +3 ring mail (worn)
   (You took it off an orc on level 7 of the Dungeon)
 p - a +0 pair of gloves (worn)
   (You found it on level 2 of the Dungeon)
 s - a +0 plate armour
   (You found it on level 3 of the Dungeon)
 v - a +1 pair of boots (worn)
   (You found it on level 6 of the Dungeon)
 y - a +2 helmet (worn)
   (You found it on level 3 of the Dungeon)
 z - a +0 ring mail of positive energy
   (You found it on level 3 of the Dungeon)
 B - the +2 ratskin cloak (worn) {*Rats rPois rN+ Str-1 Int-1 Dex+1}
   (You found it on level 5 of the Dungeon)

   When the wearer is hurt, rats may emerge from it to assist them.
   Str:       It affects your strength (-1).
   Int:       It affects your intelligence (-1).
   Dex:       It affects your dexterity (+1).
   rPois:     It protects you from poison.
   rN:        It protects you from negative energy.
Jewellery
 o - an amulet of magic regeneration
   (You found it on level 7 of the Dungeon)
 x - a +6 ring of strength (left hand) {STR+6}
   (You found it on level 3 of the Dungeon)
 J - a ring of protection from fire (right hand) {rF+, !d}
   (You found it on level 6 of the Dungeon)
Wands
 m - a wand of paralysis (14)
   (You found it on level 7 of the Dungeon)
 u - a wand of iceblast (5)
   (You found it on level 6 of the Dungeon)
 C - a wand of acid (9)
   (You found it on level 5 of the Dungeon)
Scrolls
 g - a scroll of blinking {!r}
 h - a scroll of holy word {unknown}
 r - a scroll of teleportation {unknown}
 D - a scroll of enchant weapon
Potions
 e - 4 potions of attraction {!q}
 f - 2 potions of heal wounds
 j - a potion of berserk rage {!q}
 k - 2 potions of curing
 l - a potion of lignification {unknown}
 n - a potion of mutation {unknown}
 t - a potion of might


   Skills:
 + Level 10.3 Fighting
 + Level 3.0 Maces & Flails
 - Level 10.0 Crossbows
 + Level 3.3 Armour
 - Level 1.5 Dodging
 - Level 1.1 Stealth


You had 9 spell levels left.
You didn't know any spells.
Your spell library contained the following spells:

 Spells                   Type           Power      Damage    Failure   Level
 Blink                    Tloc           0%         N/A       63%         2
 Lesser Beckoning         Tloc           0%         N/A       85%         3
 Portal Projectile        Hex/Tloc       0%         N/A       85%         3
 Passage of Golubria      Tloc           0%         N/A       99%         4
 Blade Hands              Tmut           0%         N/A       100%        5
 Excruciating Wounds      Necr           0%         N/A       100%        5
 Manifold Assault         Tloc           0%         N/A       100%        5
 Silence                  Hex/Air        0%         N/A       100%        5
 Lehudib's Crystal Spear  Conj/Erth      0%         10d2      100%        8


Dungeon Overview and Level Annotations

Branches:
Dungeon (8/15)             Temple (1/1) D:7
   Lair: D:8-11

Altars:
Ashenzari
Cheibriados
Dithmenos
Elyvilon
Fedhas
Gozag
Hepliaklqana
Kikubaaqudgha
Makhleb
Nemelex Xobeh
Okawaru
Qazlal
Ru
Sif Muna
Trog
Uskayaw
Vehumet
Wu Jian
Xom
Yredelemnul
Zin
The Shining One

Shops:
D:5 !

Annotations:
D:5 exclusion: upstairs
D:7 1 runed translucent door, bayes525's ghost, novice TrBe
D:8 Gastronok


Innate Abilities, Weirdness & Mutations

You are immune to sickness and miasma.
Your stone body is resilient. (AC +7)
You are immune to poison.
You resist negative energy. (rN+)
You are resistant to electric shocks. (rElec)
You are resistant to unholy torment.
You are immune to petrification.


Message History

Things that are here:
a +0 giant club; an ogre corpse
There is an open door here.
Bayes525's ghost turns its malevolent gaze towards you.
Could not explore, unopened runed door.
(D) Dungeon (T) Temple
Where to? (Enter - D:7, ? - help)
There is a stone staircase leading down here.
You climb downwards.
Found a stone staircase leading down.
There is a stone staircase leading up here.
Found a pair of gloves.
Found a rapier.
r - a scroll labelled BATUPPA XOBB You see here a +2 hat.
Gastronok the Ponderous comes into view.
He is wearing a +1 hat of stealth.
Gastronok gurgles horribly!
You hear an angry buzzing noise.
You hear a loud, deep croak!
You see here a +2 hat.
You shoot a bolt.
The bolt hits Gastronok but does no damage.
Gastronok chants a spell, wobbling all the while.
Gastronok puts on a burst of speed!
You shoot a bolt. The bolt hits Gastronok!
Gastronok is lightly wounded.
You shoot a bolt. The bolt hits Gastronok!
Gastronok is lightly wounded.
You shoot a bolt. The bolt hits Gastronok.
Gastronok is lightly wounded.
You shoot a bolt. The bolt hits Gastronok.
Gastronok is lightly wounded.
You feel briefly sluggish.
You shoot a bolt. The bolt hits Gastronok!
Gastronok is moderately wounded.
You shoot a bolt. The bolt completely misses Gastronok.
Gastronok's eyestalks stretch out, then return to normal size.
Gastronok waves his eye-stalks in wide circles.
The air twists around and strikes you.
You shoot a bolt. The bolt barely misses Gastronok.
You shoot a bolt. The bolt hits Gastronok.
Gastronok is moderately wounded.
You shoot a bolt. The bolt hits Gastronok.
Gastronok is moderately wounded.
Gastronok gurgles.
You shoot a bolt. The bolt completely misses Gastronok.
Gastronok casts a spell at you.
You barely resist. You shoot a bolt. The bolt hits Gastronok!
Gastronok is moderately wounded.
You shoot a bolt. The bolt hits Gastronok!
Gastronok is heavily wounded.
Gastronok waves his eye-stalks in wide circles.
The air twists around and strikes you!!
You shoot a bolt. The bolt hits Gastronok!
Gastronok is heavily wounded.
You shoot a bolt.
The bolt hits Gastronok but does no damage.
Gastronok is heavily wounded.
You shoot a bolt. The bolt hits Gastronok!
Gastronok is heavily wounded.
You shoot a bolt. The bolt hits Gastronok.
Gastronok is severely wounded.
You shoot a bolt.
The bolt hits Gastronok but does no damage.
Gastronok is severely wounded.
Gastronok casts a spell.
The bat closely misses you. The bat barely misses you.
The bat barely misses you.
Gastronok gurgles, "I'll eat you, I will!"
Gastronok glows a brilliant shade of cerise.
The bat hits you but does no damage. The bat barely misses you.
The bat hits you.
Your +6 dire flail of chaos is briefly surrounded by a scintillating aura of random colours.
a - a +6 dire flail of chaos (weapon)
The bat hits you but does no damage. x2
You bludgeon the bat!!
You kill the bat!
The bat's corpse disappears in a puff of smoke!
The bat hits you but does no damage.
Gastronok gurgles.
You puncture the rat!
You kill the rat!
The rat's corpse disappears in a puff of smoke!
The bat misses you. The bat closely misses you.
The bat hits you but does no damage.
You barely miss the bat. The bat closely misses you. The bat misses you.
Gastronok bites you but does no damage. The bat closely misses you.
The bat hits you but does no damage.
Gastronok gurgles.
The bat misses you.
You hit Gastronok.
Gastronok is poisoned.
Gastronok is heavily wounded.
The bat barely misses you. Gastronok bites you!!
You barely miss Gastronok.
Gastronok is heavily wounded.
The bat closely misses you.
Gastronok waves his eye-stalks in wide circles.
The air twists around and strikes you!!
You die...

..#
##...........>...#
.
##..............##
#......((.......#
#......(.......##
##......(......#
#......b.....##
#...........##
#.......[[.##
#....@...###
#.....w.##
#..).#..##
#######..# #..##
#...## ##...#
##.## ###


You could see Gastronok (swift, very poisoned) and a bat (summoned).

Vanquished Creatures
  Grinder (D:3)
  Sigmund (D:4)
  Menkaure (D:7)
  An acid dragon (D:6)
  A water moccasin (D:5)
  An orc warrior (D:7)
  A black bear (D:7)
  2 ogres
  3 phantoms
  A kobold brigand (D:4)
  A water moccasin skeleton (D:6)
  12 wights
  A lava snake (D:7)
  2 bullfrog zombies
  2 centaur zombies (D:7)
  4 hounds
  A jelly (D:7)
  A bullfrog skeleton (D:6)
  A gnoll shaman (D:4)
  2 centaur skeletons
  Jessica (D:3)
  2 iguanas
  2 orc wizards
  A scorpion zombie (D:5)
  A howler monkey zombie (D:7)
  3 gnolls (D:4)
  10 adders
  A river rat (D:4)
  2 shadow imps
  2 white imps
  An ufetubus (D:5)
  3 worms (D:4)
  5 dart slugs
  8 orcs
  6 bats
  5 endoplasms
  4 giant cockroaches
  9 goblins
  9 hobgoblins
  10 jackals
  10 kobolds
  2 quokkas (D:2)
  3 ball pythons
  2 frilled lizards
  14 rats
156 creatures vanquished.

Vanquished Creatures (collateral kills)
  A centaur zombie (D:6)
  A wight (D:5)
  A jelly (D:5)
  An orc priest (D:4)
  An orc wizard (D:4)
  A scorpion zombie (D:5)
  4 gnolls (D:5)
  A shadow imp (D:5)
11 creatures vanquished.

Grand Total: 167 creatures vanquished

Notes
Turn   | Place    | Note
-------+----------+-------------------------------------------
     0 | D:1      | DeadBczImStupid the Gargoyle Hunter began the quest for the
                  | Orb.
     0 | D:1      | Reached XP level 1. HP: 12/12 MP: 1/1
    96 | D:1      | Reached XP level 2. HP: 18/18 MP: 2/2
   689 | D:2      | Noticed a phantom
   703 | D:2      | Reached XP level 3. HP: 11/22 MP: 3/3
   704 | D:2      | Killed a phantom
   705 | D:2      | Reached skill level 3 in Fighting
   705 | D:2      | Reached skill level 5 in Crossbows
   705 | D:2      | Reached XP level 4. HP: 12/28 MP: 4/4
  1273 | D:2      | Reached XP level 5. HP: 32/32 MP: 5/5
  2667 | D:3      | Found a faded altar of an unknown god.
  2724 | D:3      | Reached skill level 4 in Fighting
  2724 | D:3      | Reached skill level 6 in Crossbows
  2732 | D:3      | Reached XP level 6. HP: 27/38 MP: 6/6
  2989 | D:3      | Noticed Jessica
  2991 | D:3      | Killed Jessica
  3121 | D:3      | Reached skill level 7 in Crossbows
  3210 | D:3      | Noticed Grinder
  3222 | D:3      | Killed Grinder
  3223 | D:3      | Reached skill level 5 in Fighting
  3223 | D:3      | Reached XP level 7. HP: 44/44 MP: 7/7
  3385 | D:4      | Noticed Sigmund
  3399 | D:5      | Entered Level 5 of the Dungeon
  3438 | D:5      | Found the +2 ratskin cloak {*Rats rPois rN+ Str-1 Int-1
                  | Dex+1}
  3840 | D:5      | Reached skill level 8 in Crossbows
  3890 | D:5      | Reached XP level 8. HP: 34/51 MP: 8/8
  4069 | D:5      | Reached skill level 6 in Fighting
  4139 | D:5      | Found Vuxaxea's Distillery.
  4149 | D:5      | Bought a potion of curing for 33 gold pieces
  4149 | D:5      | Bought a potion of heal wounds for 55 gold pieces
  4288 | D:5      | Identified the +3 pair of gloves "Sorr" {Harm *Slow rCorr}
  4610 | D:4      | Reached skill level 9 in Crossbows
  4813 | D:4      | Killed Sigmund
  5103 | D:4      | Reached skill level 7 in Fighting
  5881 | D:6      | Reached skill level 10 in Crossbows
  5881 | D:6      | Reached XP level 9. HP: 45/57 MP: 9/9
  6222 | D:6      | Reached skill level 8 in Fighting
  6576 | D:6      | Reached skill level 9 in Fighting
  7107 | D:7      | Found a snail-covered altar of Cheibriados.
  7145 | D:7      | Found a runed translucent door.
  7148 | D:7      | Noticed bayes525's ghost (novice TrBe)
  7191 | D:7      | Reached skill level 1 in Maces & Flails
  7191 | D:7      | Reached skill level 1 in Armour
  7392 | D:7      | Reached skill level 10 in Fighting
  7392 | D:7      | Reached skill level 2 in Armour
  7403 | D:7      | Reached skill level 2 in Maces & Flails
  7574 | D:7      | Noticed Menkaure
  7579 | D:7      | Killed Menkaure
  7613 | D:7      | Found a hide-covered altar of Uskayaw.
  7617 | D:7      | Reached skill level 3 in Armour
  7778 | D:7      | Found a staircase to the Ecumenical Temple.
  7783 | Temple   | Entered the Ecumenical Temple
  7871 | Temple   | Became a worshipper of Warmaster Okawaru
  8224 | D:7      | Reached skill level 3 in Maces & Flails
  8224 | D:7      | Reached XP level 10. HP: 66/68 MP: 10/10
  8453 | D:8      | Noticed Gastronok
  8513 | D:8      | Killed from afar by Gastronok

Illustrated notes

Levels and vault maps discovered:
D:1:      minmay_arrival_plants_in_alcoves, layout_rooms
D:2:      minmay_razor_zed, layout_loops_ring, serial_rivers,
          chequers_serial_rivers_marsh, chequers_serial_rivers_marsh,
          chequers_serial_rivers_large_a, chequers_serial_rivers_micro_d,
          chequers_serial_rivers_micro_a, chequers_serial_rivers_micro_d,
          minivault_5
D:3:      layout_rooms, hellmonk_ecumenical_altar_slurped_away, uniq_jessica,
          uniq_grinder
D:4:      layout_loops_ring, serial_glass, glass_columns_b, glass_columns_a,
          lightli_sewer_entry_pipes, uniq_sigmund
D:5:      layout_loops_corners, serial_shops, nicolae_lakefront_shop
D:6:      layout_loops_cross
D:7:      layout_basic, nicolae_uskayaw_suspiria, kennysheep_slug_shrine,
          minmay_temple_entry_glassed_door, hellmonk_ghost_happy_afterlife,
          uniq_menkaure
D:8:      layout_cave_pods, serial_shops, shop_fountains, uniq_erica,
          uniq_pikel, uniq_gastronok
Temple:   mainiacjoe_temple_cubbyholes

Skill      XL: |  1  2  3  4  5  6  7  8  9 |
---------------+----------------------------+-----
Fighting       | 3 4 5 7 10 | 10.3
Crossbows      | 5 6 7 8 10 | 10.0
Maces & Flails | 3 |  3.0
Armour         | 3 |  3.3
Dodging        | |  1.5
Stealth        | |  1.1

Action                   |  1- 3 |  4- 6 |  7- 9 | 10-12 || total
-------------------------+-------+-------+-------+-------++-------
Melee: Short sword       |    41 |    27 |       |       ||    68
       Whip              |       |    84 |       |       ||    84
       Punch             |       |     2 |     6 |       ||     8
       Dagger            |       |     5 |   288 |       ||   293
       Dire flail        |       |       |    98 |     5 ||   103
 Fire: Hand crossbow     |    25 |    55 |    48 |    18 ||   146
       Hunting sling     |       |       |    44 |       ||    44
Throw: Dart              |       |     2 |    10 |       ||    12
  Use: Scroll            |       |       |    13 |       ||    13
 Stab: Sleeping          |     1 |     1 |       |       ||     2
       Distracted        |       |       |     1 |       ||     1
Armor: Leather armour    |    34 |    66 |       |       ||   100
       Ring mail         |       |    14 |   233 |     7 ||   254
       Robe              |       |     1 |       |       ||     1
Dodge: Dodged            |    42 |   105 |   230 |    12 ||   389

Table legend: (Time is in decaauts)
 A = Elapsed time spent in this place.
 B = Non-inter-level travel time spent in this place.
 C = Inter-level travel time spent in this place.
 D = Time resting spent in this place.
 E = Time spent auto-exploring this place.
 F = Levels seen in this place.
 G = Mean time per level.
                   A        B        C        D        E       F      G
               +--------+--------+--------+--------+--------+-----+--------+
         Total |   8613 |   8246 |    367 |   1548 |   4240 |   9 |  957.0 |
       Dungeon |   8250 |   7936 |    314 |   1548 |   3941 |   8 | 1031.2 |
        Temple |    362 |    309 |     53 |      0 |    299 |   1 |  362.0 |
               +--------+--------+--------+--------+--------+-----+--------+

Top non-repeatable levels by time:
     D:2: 1994 daAuts
     D:5: 1583 daAuts
     D:6: 1100 daAuts
     D:4: 1099 daAuts
     D:7: 977 daAuts
     D:3: 704 daAuts
     D:1: 693 daAuts
  Temple: 362 daAuts
     D:8: 96 daAuts

Table legend:
 A = Kills in this place as a percentage of kills in entire the game.
 B = Kills by you in this place as a percentage of kills by you in the entire game.
 C = Kills by friends in this place as a percentage of kills by friends in the entire game.
 D = Other kills in this place as a percentage of other kills in the entire game.
 E = Experience gained in this place as a percentage of experience gained in the entire game.
 F = Experience gained in this place divided by the number of levels of this place that you have seen.
                   A       B       C       D       E      F
               +-------+-------+-------+-------+-------+----------------------
         Total | 100.0 | 100.0 | 100.0 |   N/A | 100.0 | 521.3
       Dungeon | 100.0 | 100.0 | 100.0 |   N/A | 100.0 | 586.5
               +-------+-------+-------+-------+-------+----------------------
